| TOP OF THE 1ST |
|
Cedar Rapids Kernels batting - Pitching for Charleston RiverDogs : RHP Tim Honaker
|
|
Pitching: RHP Tim Honaker
|
|
|
Batting: RHB Caleb Bockmann
|
0-0: Ground out 5-3 (Groundball, 56, EV 91.2 MPH)
|
|
Batting: RHB David McClellan
|
0-0: Ground out 6-3 (Groundball, 6, EV 101.2 MPH)
|
|
Batting: LHB Tomas Espino
|
0-0: Called Strike 0-1: Ball 1-1: Foul Ball, location: 2F 1-2: Ground out 6-3 (Groundball, 6, EV 85.0 MPH)
|
| Top of the 1st over - 0 runs, 0 hits, 0 errors, 0 left on base; Cedar Rapids 0 - Charleston 0 |
| BOTTOM OF THE 1ST |
|
Charleston RiverDogs batting - Pitching for Cedar Rapids Kernels : RHP Jason Stout
|
|
Pitching: RHP Jason Stout
|
|
|
Batting: LHB Justin O'Neal
|
0-0: Foul Ball, location: 2F 0-1: Ball 1-1: Called Strike 1-2: Strikes out looking
|
|
Batting: SHB Corey Penson
|
0-0: Called Strike 0-1: Ball 1-1: Fly out, F8 (Flyball, 8RD, EV 98.8 MPH)
|
|
Batting: LHB Steve LeGrand
|
0-0: Ball 1-0: Swinging Strike 1-1: Swinging Strike 1-2: Strikes out swinging
|
| Bottom of the 1st over - 0 runs, 0 hits, 0 errors, 0 left on base; Cedar Rapids 0 - Charleston 0 |
| TOP OF THE 2ND |
|
Cedar Rapids Kernels batting - Pitching for Charleston RiverDogs : RHP Tim Honaker
|
|
Batting: LHB Jon Ventura
|
0-0: Ball 1-0: Ball 2-0: Ball 3-0: Called Strike 3-1: Fly out, F3 (Line Drive, 3, EV 70.6 MPH)
|
|
Batting: LHB Brian Wagner
|
0-0: Ball 1-0: Ball 2-0: Foul Ball, location: 2F 2-1: Ground out 4-3 (Groundball, 4, EV 88.8 MPH)
|
|
Batting: RHB Alexandre Garcia
|
0-0: Ball 1-0: Called Strike 1-1: Swinging Strike 1-2: Strikes out looking
|
| Top of the 2nd over - 0 runs, 0 hits, 0 errors, 0 left on base; Cedar Rapids 0 - Charleston 0 |
| BOTTOM OF THE 2ND |
|
Charleston RiverDogs batting - Pitching for Cedar Rapids Kernels : RHP Jason Stout
|
|
Batting: RHB Bill Nguyen-Tan
|
0-0: Ball 1-0: DOUBLE (Flyball, 89XD, EV 109.4 MPH)
|
|
Batting: RHB Mike Zern
|
0-0: Called Strike 0-1: SINGLE (Line Drive, 6D, EV 96.2 MPH) Bill Nguyen-Tan to third
|
|
Batting: RHB Jonathan Iniguez
|
0-0: Called Strike 0-1: Swinging Strike 0-2: Ball 1-2: Ball 2-2: Ball 3-2: Strikes out swinging
|
|
Batting: LHB Dale Anderson
|
0-0: Ball 1-0: Foul Ball, location: 2F 1-1: Ball 2-1: Foul Ball, location: 2F 2-2: Strikes out looking
|
|
Batting: LHB Marc Durgin
|
0-0: Called Strike 0-1: Swinging Strike 0-2: Ball 1-2: Fielders Choice at 2nd, 6-4 (Groundball, 6, EV 103.8 MPH)
|
| Bottom of the 2nd over - 0 runs, 2 hits, 0 errors, 2 left on base; Cedar Rapids 0 - Charleston 0 |
| TOP OF THE 3RD |
|
Cedar Rapids Kernels batting - Pitching for Charleston RiverDogs : RHP Tim Honaker
|
|
Batting: LHB Marvin Shepherd
|
0-0: Called Strike 0-1: Swinging Strike 0-2: Ball 1-2: Ground out 6-3 (Groundball, 6M, EV 105.6 MPH)
|
|
Batting: RHB Pat Adams
|
0-0: Ball 1-0: Ball 2-0: Ball 3-0: Called Strike 3-1: Ground out 6-3 (Groundball, 6, EV 85.6 MPH)
|
|
Batting: RHB Steve Terrell
|
0-0: Ball 1-0: Called Strike 1-1: Foul Ball, location: 2F 1-2: Ball 2-2: Ball 3-2: Ground out 5-3 (Groundball, 56, EV 82.5 MPH)
|
| Top of the 3rd over - 0 runs, 0 hits, 0 errors, 0 left on base; Cedar Rapids 0 - Charleston 0 |
| BOTTOM OF THE 3RD |
|
Charleston RiverDogs batting - Pitching for Cedar Rapids Kernels : RHP Jason Stout
|
|
Batting: RHB Matt Alderson
|
0-0: Ball 1-0: Fly out, F9 (Flyball, 9D, EV 78.1 MPH)
|
|
Batting: LHB Justin O'Neal
|
0-0: Ball 1-0: Ball 2-0: Ball 3-0: Base on Balls
|
|
Batting: SHB Corey Penson
|
0-0: Called Strike 0-1: Ball 1-1: Ball 2-1: Called Strike 2-2: Strikes out swinging
|
|
Batting: LHB Steve LeGrand
|
0-0: Ball 1-0: Ball 2-0: Ground out 4-3 (Groundball, 4MS, EV 65.0 MPH)
|
| Bottom of the 3rd over - 0 runs, 0 hits, 0 errors, 1 left on base; Cedar Rapids 0 - Charleston 0 |
| TOP OF THE 4TH |
|
Cedar Rapids Kernels batting - Pitching for Charleston RiverDogs : RHP Tim Honaker
|
|
Batting: RHB Caleb Bockmann
|
0-0: Ball 1-0: Ball 2-0: SINGLE (Groundball, 56, EV 107.5 MPH) (infield hit)
|
|
Batting: RHB David McClellan
|
0-0: Ball 1-0: Fielders Choice at 2nd, 5-4 (Groundball, 5, EV 87.5 MPH)
|
|
Batting: LHB Tomas Espino
|
0-0: Ball David McClellan steals 2nd base 1-0: Ball 2-0: Called Strike 2-1: Foul Ball, location: 2F 2-2: Ball 3-2: DOUBLE (Flyball, 8LXD, EV 102.5 MPH) David McClellan scores
|
|
Batting: LHB Jon Ventura
|
0-0: Ball 1-0: SINGLE (Flyball, 34D, EV 83.1 MPH) Tomas Espino to third
|
|
Batting: LHB Brian Wagner
|
0-0: Ball 1-0: Called Strike 1-1: Called Strike 1-2: Strikes out swinging
|
|
Batting: RHB Alexandre Garcia
|
0-0: Called Strike 0-1: Ball 1-1: Ball 2-1: Ball 3-1: Base on Balls Jon Ventura to second
|
|
Batting: LHB Marvin Shepherd
|
0-0: Called Strike 0-1: Ball 1-1: Ball 2-1: Ball 3-1: SINGLE (Line Drive, 4MD, EV 106.2 MPH) Tomas Espino scores Jon Ventura to third Alexandre Garcia to second Runner from 3rd tries for Home, SAFE, throw by CF to home
|
|
Batting: RHB Pat Adams
|
0-0: Reached on error, E5 (Groundball, 56, EV 90.0 MPH) Alexandre Garcia to third Marvin Shepherd to second
|
|
Batting: RHB Steve Terrell
|
0-0: Called Strike 0-1: Called Strike 0-2: Fly out, F7 (Flyball, 7LM, EV 106.9 MPH)
|
| Top of the 4th over - 3 runs, 4 hits, 1 error, 3 left on base; Cedar Rapids 3 - Charleston 0 |
| BOTTOM OF THE 4TH |
|
Charleston RiverDogs batting - Pitching for Cedar Rapids Kernels : RHP Jason Stout
|
|
Batting: RHB Bill Nguyen-Tan
|
0-0: Called Strike 0-1: Fly out, F7 (Line Drive, 78M, EV 103.8 MPH)
|
|
Batting: RHB Mike Zern
|
0-0: Foul Ball, location: 2F 0-1: Ball 1-1: Ground out 5-3 (Groundball, 56, EV 88.1 MPH)
|
|
Batting: RHB Jonathan Iniguez
|
0-0: Called Strike 0-1: Foul Ball, location: 2F 0-2: Ball 1-2: Strikes out swinging
|
| Bottom of the 4th over - 0 runs, 0 hits, 0 errors, 0 left on base; Cedar Rapids 3 - Charleston 0 |
| TOP OF THE 5TH |
|
Cedar Rapids Kernels batting - Pitching for Charleston RiverDogs : RHP Tim Honaker
|
|
Batting: RHB Caleb Bockmann
|
0-0: Foul Ball, location: 2F 0-1: Ball 1-1: Swinging Strike 1-2: Reached on error, E6 (Groundball, 6, EV 85.6 MPH)
|
|
Batting: RHB David McClellan
|
0-0: Ball 1-0: Foul Ball, location: 2F 1-1: Called Strike 1-2: Ball 2-2: SINGLE (Line Drive, 3D, EV 109.4 MPH) Caleb Bockmann to third
|
|
Batting: LHB Tomas Espino
|
0-0: Ball 1-0: Called Strike David McClellan steals 2nd base 1-1: Ball 2-1: Swinging Strike 2-2: Ball 3-2: Fly out, F9 (Flyball, 9S, EV 70.6 MPH) Runner from 3rd tags up, SCORES, throw by RF
|
|
Batting: LHB Jon Ventura
|
0-0: Ball 1-0: Ball 2-0: Foul Ball, location: 2F 2-1: Called Strike 2-2: Foul Ball, location: 2F 2-2: Ball 3-2: Strikes out swinging
|
|
Batting: LHB Brian Wagner
|
0-0: SINGLE (Groundball, 4D, EV 94.4 MPH) David McClellan to third Runner from 3rd tries for Home, SAFE, throw by CF to home
|
|
Pitching: RHP Austin Trzcinski
|
|
|
Batting: RHB Alexandre Garcia
|
0-0: Ball 1-0: Ball Brian Wagner is caught stealing 2nd base 2-4
|
| Top of the 5th over - 2 runs, 2 hits, 1 error, 0 left on base; Cedar Rapids 5 - Charleston 0 |
| BOTTOM OF THE 5TH |
|
Charleston RiverDogs batting - Pitching for Cedar Rapids Kernels : RHP Jason Stout
|
|
Batting: LHB Dale Anderson
|
0-0: Swinging Strike 0-1: Swinging Strike 0-2: Strikes out swinging
|
|
Batting: LHB Marc Durgin
|
0-0: Called Strike 0-1: Ball 1-1: Foul Ball, location: 2F 1-2: Strikes out swinging
|
|
Batting: RHB Matt Alderson
|
0-0: Ball 1-0: Ball 2-0: Foul Ball, location: 2F 2-1: Called Strike 2-2: Ground out 5-3 (Groundball, 56S, EV 86.9 MPH)
|
| Bottom of the 5th over - 0 runs, 0 hits, 0 errors, 0 left on base; Cedar Rapids 5 - Charleston 0 |
| TOP OF THE 6TH |
|
Cedar Rapids Kernels batting - Pitching for Charleston RiverDogs : RHP Austin Trzcinski
|
|
Batting: RHB Alexandre Garcia
|
0-0: Ball 1-0: Ball 2-0: Ball 3-0: Called Strike 3-1: Base on Balls
|
|
Batting: LHB Marvin Shepherd
|
0-0: Ball 1-0: Ball 2-0: Fly out, F8 (Flyball, 8LXD, EV 88.1 MPH)
|
|
Batting: RHB Pat Adams
|
0-0: Called Strike Alexandre Garcia steals 2nd, throwing error, E2 Alexandre Garcia to third 0-1: Ground out 5-3 (Groundball, 56, EV 90.0 MPH) Alexandre Garcia scores
|
|
Batting: RHB Steve Terrell
|
0-0: Ball 1-0: Ground out 5-3 (Groundball, 56, EV 80.0 MPH)
|
| Top of the 6th over - 1 run, 0 hits, 1 error, 0 left on base; Cedar Rapids 6 - Charleston 0 |
| BOTTOM OF THE 6TH |
|
Charleston RiverDogs batting - Pitching for Cedar Rapids Kernels : RHP Jason Stout
|
|
Batting: LHB Justin O'Neal
|
0-0: Called Strike 0-1: Fly out, F9 (Flyball, 9, EV 77.5 MPH)
|
|
Batting: SHB Corey Penson
|
0-0: Called Strike 0-1: Foul Ball, location: 2F 0-2: Ball 1-2: SINGLE (Groundball, 3D, EV 103.8 MPH)
|
|
Batting: LHB Steve LeGrand
|
0-0: Foul Ball, location: 2F 0-1: Ball 1-1: Ball 2-1: SINGLE (Groundball, 56D, EV 106.2 MPH) Corey Penson to second
|
|
Batting: RHB Bill Nguyen-Tan
|
0-0: Ball 1-0: Called Strike 1-1: Grounds into double play, 6-4-3 (Groundball, 6, EV 104.4 MPH)
|
| Bottom of the 6th over - 0 runs, 2 hits, 0 errors, 1 left on base; Cedar Rapids 6 - Charleston 0 |
| TOP OF THE 7TH |
|
Cedar Rapids Kernels batting - Pitching for Charleston RiverDogs : RHP Austin Trzcinski
|
|
Batting: RHB Caleb Bockmann
|
0-0: Ball 1-0: Ball 2-0: Ground out 3-1 (Groundball, 34, EV 80.6 MPH)
|
|
Batting: RHB David McClellan
|
0-0: Ball 1-0: Ball 2-0: Fly out, F9 (Line Drive, 9S, EV 100.6 MPH)
|
|
Batting: LHB Tomas Espino
|
0-0: Fly out, F9 (Flyball, 9, EV 81.2 MPH)
|
| Top of the 7th over - 0 runs, 0 hits, 0 errors, 0 left on base; Cedar Rapids 6 - Charleston 0 |
| BOTTOM OF THE 7TH |
|
Charleston RiverDogs batting - Pitching for Cedar Rapids Kernels : RHP Jason Stout
|
|
Batting: RHB Mike Zern
|
0-0: Foul Ball, location: 2F 0-1: DOUBLE (Flyball, 8LXD, EV 97.5 MPH)
|
|
Batting: RHB Jonathan Iniguez
|
0-0: Fly out, F9 (Flyball, 89M, EV 91.2 MPH)
|
|
Batting: LHB Dale Anderson
|
0-0: Ball Wild Pitch! Mike Zern to third 1-0: Swinging Strike 1-1: Called Strike 1-2: Foul Ball, location: 2F 1-2: Strikes out swinging
|
|
Pitching: RHP Scot Abbott
|
|
|
Batting: LHB Marc Durgin
|
0-0: Called Strike 0-1: Foul Ball, location: 2F 0-2: Ground out 5-3 (Groundball, 5, EV 90.0 MPH)
|
| Bottom of the 7th over - 0 runs, 1 hit, 0 errors, 1 left on base; Cedar Rapids 6 - Charleston 0 |
| TOP OF THE 8TH |
|
Cedar Rapids Kernels batting - Pitching for Charleston RiverDogs : RHP Austin Trzcinski
|
|
Batting: LHB Jon Ventura
|
0-0: Called Strike 0-1: Ball 1-1: Ball 2-1: Ball 3-1: Base on Balls
|
|
Pitching: LHP Ferrie Werkhoven
|
|
|
Batting: LHB Brian Wagner
|
0-0: Called Strike 0-1: 2-RUN HOME RUN (Flyball, 7LD, EV 95.6 MPH), Distance : 355 ft
|
|
Pitching: RHP Michel van Kampen
|
|
|
Pinch Hitting: RHB Andrew Rich
|
0-0: Foul Ball, location: 2F 0-1: Called Strike 0-2: Strikes out swinging
|
|
Pinch Hitting: LHB Yasutoshi Hayashi
|
0-0: Fly out, F9 (Flyball, 9, EV 95.0 MPH)
|
|
Batting: RHB Pat Adams
|
0-0: Swinging Strike 0-1: Called Strike 0-2: Strikes out swinging
|
| Top of the 8th over - 2 runs, 1 hit, 0 errors, 0 left on base; Cedar Rapids 8 - Charleston 0 |
| BOTTOM OF THE 8TH |
|
Charleston RiverDogs batting - Pitching for Cedar Rapids Kernels : RHP Scot Abbott
|
|
Now at SS: Andrew Rich
|
|
|
Now in LF: Steve Terrell
|
|
|
Now in RF: Yasutoshi Hayashi
|
|
|
Batting: RHB Matt Alderson
|
0-0: Ball 1-0: Called Strike 1-1: Ball 2-1: Foul Ball, location: 2F 2-2: Strikes out looking
|
|
Pinch Hitting: RHB Lorenzo Vasquez
|
0-0: Called Strike 0-1: Ball 1-1: Swinging Strike 1-2: Hit by Pitch
|
|
Pinch Hitting: RHB Bryan Massey
|
0-0: Called Strike 0-1: Ball Wild Pitch! Lorenzo Vasquez to second 1-1: Ball 2-1: Called Strike 2-2: Strikes out swinging
|
|
Batting: LHB Steve LeGrand
|
0-0: Ground out 4-3 (Groundball, 4, EV 98.8 MPH)
|
| Bottom of the 8th over - 0 runs, 0 hits, 0 errors, 1 left on base; Cedar Rapids 8 - Charleston 0 |
| TOP OF THE 9TH |
|
Cedar Rapids Kernels batting - Pitching for Charleston RiverDogs : RHP Michel van Kampen
|
|
Now at 1B: Bryan Massey
|
|
|
Now at 3B: Lorenzo Vasquez
|
|
|
Pinch Hitting: RHB Jeremy Witt
|
0-0: Swinging Strike 0-1: Ball 1-1: Ball 2-1: Foul Ball, location: 2F 2-2: Strikes out swinging
|
|
Pinch Hitting: RHB Steve Raine
|
0-0: Ball 1-0: Ball 2-0: Called Strike 2-1: Fly out, F8 (Flyball, 8LD, EV 109.4 MPH)
|
|
Pinch Hitting: RHB Rick Kendall
|
0-0: Called Strike 0-1: Ball 1-1: Foul Ball, location: 2F 1-2: Ball 2-2: Strikes out swinging
|
| Top of the 9th over - 0 runs, 0 hits, 0 errors, 0 left on base; Cedar Rapids 8 - Charleston 0 |
| BOTTOM OF THE 9TH |
|
Charleston RiverDogs batting - Pitching for Cedar Rapids Kernels : RHP Scot Abbott
|
|
Now at 2B: Rick Kendall
|
|
|
Now at 3B: Andrew Rich
|
|
|
Now at SS: Jeremy Witt
|
|
|
Now in LF: Jon Ventura
|
|
|
Now in CF: Ton van Dijk
|
|
|
Batting: RHB Bill Nguyen-Tan
|
0-0: Called Strike 0-1: Ball 1-1: Swinging Strike 1-2: Ball 2-2: Foul Ball, location: 2F 2-2: Strikes out swinging
|
|
Batting: RHB Mike Zern
|
0-0: Ball 1-0: Ball 2-0: Ball 3-0: Called Strike 3-1: Called Strike 3-2: SOLO HOME RUN (Flyball, 7D, EV 101.2 MPH), Distance : 402 ft
|
|
Pinch Hitting: RHB Nate Singleton
|
0-0: Ball 1-0: Ball 2-0: Called Strike 2-1: SINGLE (Flyball, 89M, EV 88.8 MPH)
|
|
Batting: LHB Dale Anderson
|
0-0: Ball 1-0: Foul Ball, location: 2F 1-1: SINGLE (Groundball, 4, EV 96.9 MPH) Nate Singleton to second
|
|
Pitching: LHP Mark Challinor
|
|
|
Pinch Hitting: RHB Iften Olujimi
|
0-0: Called Strike 0-1: Grounds into double play, 5-4-3 (Groundball, 56S, EV 78.8 MPH)
|
| Bottom of the 9th over - 1 run, 3 hits, 0 errors, 1 left on base; Cedar Rapids 8 - Charleston 1 |
|